 Dungeon Crawl Stone Soup version 0.24-a0-769-g368c164 (webtiles) character file.

Game seed: 10856354486185386929, levelgen mode: deterministic

2666 scarywalker64 the Vandal (level 9, -5/72 HPs)
             Began as a Demigod Hunter on Oct 6, 2019.
             Slain by a sun demon (19 damage)
             ... summoned by a kobold demonologist
             ... on level 7 of the Dungeon.
             The game lasted 00:24:02 (9669 turns).

scarywalker64 the Vandal (Demigod Hunter)           Turns: 9669, Time: 00:24:02

Health: -5/72      AC: 18    Str: 21    XL:     9   Next: 14%
Magic:  17/17      EV: 11    Int: 15    God:
Gold:   102        SH:  5    Dex: 16    Spells: 6/14 levels left

rFire    + . .     SeeInvis .   j - +1 scimitar (protect)
rCold    . . .     Gourm    .   e - +0 buckler
rNeg     . . .     Faith    .   h - +2 scale mail {rC+}
rPois    .         Spirit   .   m - +0 helmet
rElec    .         Reflect  .   n - +0 cloak
rCorr    .         Harm     .   (no gloves)
MR       .....                  (no boots)
Stlth    +.........             (no amulet)
HPRegen  0.22/turn              y - ring of fire
MPRegen  0.15/turn              (no ring)

@: about to teleport, protection aura
A: high mp 1
a: no special abilities


You were on level 7 of the Dungeon.
You were not hungry.

You visited 1 branch of the dungeon, and saw 7 of its levels.
You also visited: Sewer.

You collected 291 gold pieces.
You spent 189 gold pieces at shops.

Inventory:

Hand Weapons
 a - a +1 hunting sling
 j - a +1 scimitar of protection (weapon)
 D - a +0 rapier
Missiles
 d - 98 sling bullets
 g - 200 stones
 i - 26 poisoned darts (quivered)
 C - 4 datura-tipped darts
 F - 52 arrows
Armour
 e - a +0 buckler (worn)
 h - a +2 scale mail of cold resistance (worn)
 m - a +0 helmet (worn)
 n - a +0 cloak (worn)
 J - a +2 robe of resistance
Jewellery
 y - a ring of fire (left hand)
Wands
 o - a wand of clouds (3)
 q - a wand of iceblast (12)
 H - a wand of flame (16)
Scrolls
 c - a scroll of teleportation
 u - 2 scrolls of noise
 v - a scroll of fear
 w - 2 scrolls of blinking
 x - a scroll of immolation
 A - 2 scrolls of identify
 B - a scroll of enchant weapon
 G - 2 scrolls of magic mapping
 K - a scroll of enchant armour {unknown}
Potions
 b - a potion of agility
 k - 3 potions of mutation
 l - 3 potions of flight
 p - a potion of lignification
 r - a potion of cancellation
 s - a potion of heal wounds
 t - a potion of resistance
 z - a potion of might
 E - a potion of brilliance
Comestibles
 f - 7 rations
 I - 7 chunks of flesh


   Skills:
 * Level 4.3 Fighting
 + Level 1.0(2.5) Short Blades
 + Level 3.7(3.8) Long Blades
   Level 1.6 Staves
 * Level 5.6 Slings
 + Level 2.8 Armour
 + Level 2.8 Dodging
 - Level 4.0 Stealth
 * Level 2.9 Shields
 * Level 3.2 Spellcasting
 * Level 2.7 Hexes
 * Level 2.7 Translocations
 * Level 2.4 Evocations


You had 6 spell levels left.
You knew the following spells:

 Your Spells              Type           Power        Failure   Level  Hunger
a - Corona                Hex            ##.....      21%         1    #......
b - Portal Projectile     Hex/Tloc       ##....       50%         3    ###....
c - Cause Fear            Hex            ##........   89%         4    #####..

Your spell library contained the following spells:

 Spells                   Type           Power        Failure   Level  Hunger
 Slow                     Hex            ##......     30%         2    ##.....
 Freeze                   Ice            #...         52%         1    #......
 Throw Frost              Conj/Ice       #.....       67%         2    ##.....
 Inner Flame              Hex/Fire       #.......     71%         3    ###....
 Ozocubu's Armour         Chrm/Ice       #.......     88%         3    ###....
 Leda's Liquefaction      Hex/Erth       #.........   98%         4    #####..
 Summon Ice Beast         Ice/Summ       #.......     99%         4    #####..
 Throw Icicle             Conj/Ice       #.......     99%         4    #####..


Dungeon Overview and Level Annotations

Branches:
Dungeon (7/15)             Temple (0/1) D:7           Sewer (visited)

Shops:
D:6 ?   D:7 [


Innate Abilities, Weirdness & Mutations

You have an increased reservoir of magic. (+10% MP)


Message History

The ufetubus closely misses you.
You riposte.
You barely miss the ufetubus.
The ufetubus is moderately wounded.
The ufetubus barely misses you.
The kobold demonologist miscasts a cantrip.
You slash the kobold demonologist!
The kobold demonologist is heavily wounded.
You block the ufetubus's attack. The ufetubus barely misses you.
The ufetubus completely misses you.
The ufetubus hits you but does no damage.
The kobold demonologist barely misses you.
Unknown command.
Your scale mail prevents you from hitting the kobold demonologist.
The kobold demonologist is heavily wounded.
The sixfirhy barely misses you. The sun demon closely misses you.
You block the ufetubus's attack. The ufetubus barely misses you.
The sixfirhy hits you. The sixfirhy shocks you!
* * * LOW HITPOINT WARNING * * *
The kobold demonologist miscasts a cantrip.
The sun demon hits you!!
You die...

## #..###### .. #<.......
.# ##.###### ### ##. +#
..# #.. 5.. ##.# #.###
5... ##.# #.#.## .....
.#.########....####......
...............5@K55.....
.#.#####.......33##......
##.# #.##.#.##.# .....
##.# #.##.####.# .... #.#
#.##.# #.# ... #.# #.##..
#.# +# #.# #.###. #.# #.#
#.. .. ..# ### ...


You could see a sun demon, a kobold demonologist, a sixfirhy, a shadow imp and 2
ufetubi.

Vanquished Creatures
  Joseph (D:7)
  2 hippogriffs (D:7)
  2 orc warriors (D:6)
  An ogre (D:6)
  2 centaurs
  A big kobold (D:7)
  2 bullfrogs (Sewer)
  Dowan (D:7)
  A scorpion (D:5)
  4 killer bees (D:7)
  2 bullfrog zombies (D:6)
  A hound (D:6)
  An orc priest (D:6)
  6 orc wizards
  A jelly (D:7)
  A centaur skeleton (D:5)
  A bullfrog skeleton (D:5)
  Ijyb (D:3)
  3 iguanas
  Natasha (thrice) (D:4)
  3 worker ants
  A hound zombie (D:5)
  A hound skeleton (D:5)
  4 gnolls (D:6)
  12 adders
  A shadow imp (D:5)
  10 oozes (Sewer)
  2 adder skeletons (D:4)
  A worm (D:4)
  2 dart slugs
  17 leopard geckos
  18 orcs
  16 giant cockroaches
  2 hobgoblins (D:1)
  7 jackals
  2 quokkas
  12 ball pythons
  4 bats
  10 frilled lizards
  9 goblins
  7 kobolds
  A leopard gecko zombie (D:6)
  10 rats
189 creatures vanquished.

Vanquished Creatures (others)
  Duvessa (D:7)
1 creature vanquished.

Grand Total: 190 creatures vanquished

Notes
Turn   | Place    | Note
-------+----------+-------------------------------------------
     0 | D:1      | scarywalker64 the Demigod Hunter began the quest for the
                  | Orb.
     0 | D:1      | Reached XP level 1. HP: 17/17 MP: 3/3
   122 | D:1      | Reached skill level 1 in Stealth
   270 | D:1      | Reached XP level 2. HP: 12/24 MP: 4/4
  1679 | D:2      | Reached XP level 3. HP: 18/29 MP: 6/6
  1902 | D:2      | Reached skill level 1 in Short Blades
  2333 | D:3      | Found a glowing drain.
  2359 | Sewer    | Entered a sewer
  2378 | Sewer    | Reached skill level 4 in Slings
  2378 | Sewer    | Reached skill level 1 in Armour
  2484 | Sewer    | Reached XP level 4. HP: 30/36 MP: 7/7
  2555 | Sewer    | Reached skill level 1 in Spellcasting
  3279 | Sewer    | Reached skill level 1 in Staves
  3279 | Sewer    | Reached XP level 5. HP: 11/42 MP: 9/9
  3852 | Sewer    | Reached XP level 6. HP: 51/51 MP: 11/11
  4167 | D:3      | Learned a level 1 spell: Corona
  4171 | D:3      | Learned a level 3 spell: Portal Projectile
  4176 | D:3      | Learned a level 4 spell: Cause Fear
  4192 | D:3      | Noticed Ijyb
  4209 | D:3      | Killed Ijyb
  4774 | D:4      | Noticed Natasha
  4785 | D:4      | Killed Natasha
  4877 | D:4      | Found a stormy altar of Qazlal.
  5027 | D:4      | Found a shimmering altar of Xom.
  5028 | D:4      | Found a shimmering altar of Xom.
  5028 | D:4      | Found a shimmering altar of Xom.
  5028 | D:4      | Found a shimmering altar of Xom.
  5037 | D:4      | Noticed Natasha
  5047 | D:4      | Killed Natasha
  5157 | D:4      | Noticed Natasha
  5164 | D:4      | Killed Natasha
  5164 | D:4      | Reached skill level 1 in Long Blades
  5292 | D:5      | Entered Level 5 of the Dungeon
  5350 | D:5      | Found a glowing silver altar of Zin.
  5358 | D:5      | Reached skill level 1 in Shields
  5361 | D:5      | Found a burning altar of Makhleb.
  5364 | D:5      | Found a glowing golden altar of the Shining One.
  5503 | D:5      | Reached XP level 7. HP: 41/57 MP: 12/12
  5723 | D:5      | Reached skill level 1 in Hexes
  5844 | D:5      | Found a bloodstained altar of Trog.
  6275 | D:6      | Found Jitsy's Magic Scroll Emporium.
  6277 | D:6      | Bought a scroll of enchant weapon for 105 gold pieces
  6277 | D:6      | Bought a scroll of identify for 28 gold pieces
  6279 | D:6      | Bought a scroll of identify for 28 gold pieces
  6279 | D:6      | Bought a scroll of identify for 28 gold pieces
  6313 | D:6      | Got a faintly humming plate armour
  6419 | D:6      | Identified the +3 plate armour of Vianweati {+Fly rPois rC-
                  | Str-3} (You found it on level 6 of the Dungeon)
  6564 | D:6      | Found a shimmering blue altar of Sif Muna.
  6567 | D:6      | Reached skill level 1 in Evocations
  6599 | D:6      | Found an ancient bone altar of Kikubaaqudgha.
  6727 | D:6      | Found a radiant altar of Vehumet.
  6756 | D:6      | Reached skill level 1 in Translocations
  7074 | D:6      | Reached skill level 5 in Slings
  7074 | D:6      | Reached XP level 8. HP: 37/64 MP: 15/15
  7814 | D:6      | Found a shattered altar of Ashenzari.
  8319 | D:7      | Found a white marble altar of Elyvilon.
  8336 | D:7      | Found a staircase to the Ecumenical Temple.
  8359 | D:7      | Got a steaming spear
  8363 | D:7      | Identified the cursed +2 spear of Defiance {pierce, rF+ rC-
                  | MP+9} (You found it on level 7 of the Dungeon)
  8431 | D:7      | Found Ihet Guyll's Armour Shop.
  8579 | D:7      | Noticed Duvessa
  8579 | D:7      | Noticed Dowan
  8605 | D:7      | Killed Duvessa
  8614 | D:7      | Killed Dowan
  8699 | D:7      | Noticed a hippogriff
  8714 | D:7      | Killed a hippogriff
  8901 | D:7      | Noticed Joseph
  8935 | D:7      | Killed Joseph
  8935 | D:7      | Reached XP level 9. HP: 47/71 MP: 15/17
  9659 | D:7      | Noticed a kobold demonologist
  9665 | D:7      | Noticed a sixfirhy
  9667 | D:7      | Noticed a sun demon
  9669 | D:7      | Slain by a sun demon

Levels and vault maps discovered:
D:1:      dpeg_arrival_radiant, layout_loops_ring
D:2:      layout_basic
D:3:      layout_loops_ring, cheibrodos_sewer_entry_sluice, uniq_ijyb
D:4:      layout_cave_pools, old_standard_altar, xom_redecorated, uniq_natasha
D:5:      layout_loops_ring, kennysheep_little_box,
          grunt_temple_overflow_diamond, first_ration
D:6:      lemuel_ice_spiral_2, layout_basic, palyth_temple_overflow_mages,
          evilmike_ruin_ashenzari, serial_shops, nicolae_shop_crystal
D:7:      layout_loops_corners, lemuel_crystal_altar, temple_doors_e,
          serial_shops, shop, uniq_crazy_yiuf_cottage, uniq_joseph, uniq_duvessa

Skill      XL: |  1  2  3  4  5  6  7  8 |
---------------+-------------------------+-----
Stealth        | 1 2 3 4 |  4.0
Fighting       | 2 3 4 |  4.3
Short Blades   | 1 |  1.0
Slings         | 4 5 |  5.6
Armour         | 1 2 |  2.8
Spellcasting   | 1 2 3 |  3.2
Dodging        | 2 |  2.8
Staves         | 1 |  1.6
Long Blades    | 1 2 3 |  3.7
Shields        | 1 2 |  2.9
Hexes          | 1 2 |  2.7
Evocations     | 1 2 |  2.4
Translocations | 1 2 |  2.7

Action                   |  1- 3 |  4- 6 |  7- 9 || total
-------------------------+-------+-------+-------++-------
Melee: Short sword       |   140 |       |       ||   140
       Quarterstaff      |    26 |   117 |       ||   143
       Scimitar          |       |   116 |   339 ||   455
 Fire: Hunting sling     |    23 |    39 |    20 ||    82
  Use: Scroll            |     2 |    11 |     9 ||    22
       Potion            |       |     3 |     2 ||     5
 Stab: Sleeping          |     2 |     1 |       ||     3
  Eat: Chunk             |     5 |    10 |    11 ||    26
       Ration            |       |       |     1 ||     1
Armor: Leather armour    |    65 |    56 |       ||   121
       Scale mail        |       |    47 |   224 ||   271
Dodge: Dodged            |   151 |   178 |   220 ||   549
Block: Buckler           |       |    25 |   103 ||   128
       Rpst.: Scimitar   |       |    17 |    68 ||    85

Table legend:
 A = Non-vault XP
 B = Vault XP
 C = Vault XP percentage of total XP
 D = Non-vault monster count
 E = Vault monster count
 F = Vault count percentage of total count
                 A         B        C        D         E       F
            +---------+---------+-------+---------+---------+-------
      Total |    2588 |    1221 |  32.1 |     123 |      67 |  35.3
            +---------+---------+-------+---------+---------+-------
        D:1 |      34 |       0 |   0.0 |      23 |       0 |   0.0
        D:2 |      36 |       0 |   0.0 |      13 |       0 |   0.0
        D:3 |      14 |      39 |  73.6 |       7 |       3 |  30.0
        D:4 |     189 |      35 |  15.6 |      15 |       1 |   6.2
        D:5 |     329 |       0 |   0.0 |      13 |       0 |   0.0
        D:6 |     869 |     111 |  11.3 |      28 |       3 |   9.7
        D:7 |    1117 |     657 |  37.0 |      24 |       3 |  11.1
      Sewer |       0 |     379 | 100.0 |       0 |      57 | 100.0
            +---------+---------+-------+---------+---------+-------
